 Dungeon Crawl Stone Soup version 0.22-a0-479-gc6e99f3 (webtiles) character file.

74 stealthycow the Twirler (level 4, 0/28 HPs)
             Began as a Gargoyle Gladiator on June 14, 2018.
             Slain by an orc
             ... wielding a +0 war axe
              (4 damage)
             ... on level 3 of the Dungeon.
             The game lasted 00:06:03 (1167 turns).

stealthycow the Twirler (Gargoyle Gladiator)        Turns: 1167, Time: 00:06:04

Health: 0/28       AC: 13    Str: 19    XL:     4   Next: 30%
Magic:  4/4        EV: 10    Int:  8    God:
Gold:   214        SH:  0    Dex: 11    Spells: 3/3 levels left

rFire    . . .     SeeInvis .   a - +0 quarterstaff
rCold    . . .     Gourm    .   (shield currently unavailable)
rNeg     + . .     Faith    +   e - +0 scale mail
rPois    ∞         Spirit   .   c - +0 helmet
rElec    +         Reflect  .   (no cloak)
rCorr    .         Harm     .   u - +0 pair of gloves
MR       .....                  s - +0 pair of boots
Stlth    ..........             g - amulet of faith
HPRegen  0.09/turn              (no ring)
MPRegen  0.09/turn              (no ring)

@: no status effects
A: negative energy resistance 1, electricity resistance, unbreathing,
petrification resistance, rot immunity, AC +3
a: no special abilities


You were on level 3 of the Dungeon.
You were not hungry.

You visited 1 branch of the dungeon, and saw 3 of its levels.

You collected 214 gold pieces.

Inventory:

Hand Weapons
 a - a +0 quarterstaff (weapon)
Missiles
 d - 3 throwing nets (quivered)
Armour
 c - a +0 helmet (worn)
 e - a +0 scale mail (worn)
 s - a +0 pair of boots (worn)
 u - a +0 pair of gloves (worn)
Jewellery
 g - an amulet of faith (around neck)
Scrolls
 j - a scroll of blinking {unknown}
 k - a scroll of immolation
 n - a scroll of identify {unknown}
 r - a scroll of fog {unknown}
 t - a scroll of teleportation {unknown}
Potions
 b - 2 potions of mutation {unknown}
 i - a potion of invisibility {unknown}
 l - a potion of magic {unknown}
 m - a potion of curing {unknown}
 o - 2 potions of haste {unknown}
 p - a potion of ambrosia {unknown}
 q - a potion of heal wounds {unknown}
Comestibles
 f - 2 rations
 h - 8 chunks of flesh


   Skills:
 + Level 3.0 Fighting
 * Level 4.0 Staves
 - Level 1.7 Throwing
 + Level 1.3 Armour
 - Level 2.8 Dodging


You had 3 spell levels left.
You didn't know any spells.
Your spell library was empty.

Dungeon Overview and Level Annotations

Branches:
Dungeon (3/15)

Altars:
Trog

Annotations:
D:3 Getoffmy's ghost, amateur GnMo


Innate Abilities, Weirdness & Mutations

You are resistant to torment.
Your stone body is resilient. (AC +3)
You are immune to poison.
You resist negative energy. (rN+)
You are resistant to electric shocks. (rElec)
You can survive without breathing.
You are immune to petrification.
You are immune to rotting.


Message History

You sock something!
The orc closely misses you. x2; Something hits you.
Something shocks you. You resist.
Getoffmy's ghost (amateur Gnoll Monk) comes into view.
You barely miss something. The leopard gecko barely misses you.
The orc closely misses you. The orc hits you but does no damage.
Something hits you. Something shocks you. You resist.
The orc hits you but does no damage. The leopard gecko bites you.
You sock something! The orc barely misses you.
Something hits you but does no damage. The orc hits you with a war axe.
The leopard gecko bites you but does no damage.
The orc hits you with a war axe.
* * * LOW HITPOINT WARNING * * *
You closely miss something. The orc hits you but does no damage.
The leopard gecko bites you but does no damage.
Something hits you.
* * * LOW HITPOINT WARNING * * *
Something shocks you. You resist.
* * * LOW HITPOINT WARNING * * *
The orc hits you with a war axe.
You die...

$.. ......... ..... >.
#......#.. ##... ..#
.### ##...# #.# ..##
...##.... #.####..#
#....l{# #.##....#
.....#@####.##....#
......ooo..>.......#
.......r...........#####
.....##.####.##....##...
...W.........###.#......
.....#######.# #....#...
.... #.# #....#### ...
.........# # #..#.....#
#


You could see Getoffmy's ghost, 3 orcs, a leopard gecko and a rat.

Vanquished Creatures
  3 adders
  2 dart slugs (D:1)
  A leopard gecko (D:1)
  A giant cockroach (D:1)
  8 hobgoblins
  5 kobolds
  A quokka (D:2)
  A ball python (D:2)
  5 bats
  4 frilled lizards
  4 goblins
  10 rats
45 creatures vanquished.

Notes
Turn   | Place    | Note
-------+----------+-------------------------------------------
     0 | D:1      | stealthycow the Gargoyle Gladiator began the quest for the Orb.
     0 | D:1      | Reached XP level 1. HP: 12/12 MP: 1/1
    70 | D:1      | Reached XP level 2. HP: 10/18 MP: 2/2
   532 | D:1      | Reached XP level 3. HP: 22/22 MP: 3/3
   802 | D:2      | Reached skill level 1 in Armour
   937 | D:2      | Reached XP level 4. HP: 27/27 MP: 4/4
  1074 | D:3      | Found a bloodstained altar of Trog.
  1074 | D:3      | Noticed a moth of wrath
  1131 | D:3      | Reached skill level 4 in Staves
  1153 | D:3      | Noticed a sky beast
  1164 | D:3      | Noticed Getoffmy's ghost (amateur GnMo)
  1167 | D:3      | Slain by an orc

Vault maps used:
D:1:      lightli_arrival_quake, st_stairs_6
D:2:      serial_glass, glass_columns_a, glass_columns_a,
          kennysheep_generic_room_8
D:3:      tgw_trog, uniq_robin

Skill      XL: |  1  2  3  4 |
---------------+-------------+-----
Armour         | 1 |  1.3
Fighting       | 3 |  3.0
Staves         | 4 |  4.0
Throwing       | |  1.7
Dodging        | |  2.8

Action                   |  1- 3 |  4- 6 || total
-------------------------+-------+-------++-------
Melee: Quarterstaff      |   121 |    31 ||   152
  Use: Scroll            |       |     1 ||     1
  Eat: Chunk             |       |     1 ||     1
Armor: Leather armour    |    14 |       ||    14
       Scale mail        |    71 |    32 ||   103
Dodge: Dodged            |    85 |    41 ||   126

Table legend:
 A = Spawn XP
 B = Non-spawn XP
 C = Spawn XP percentage of total XP
 D = Spawn monster count
 E = Non-spawn monster count
 F = Spawn count percentage of total count
 G = Total turns spent on level
                    A         B        C        D         E        F      G
               +---------+---------+-------+---------+---------+-------+---------
         Total |       0 |     107 |   0.0 |       0 |      45 |   0.0 |  1167
               +---------+---------+-------+---------+---------+-------+---------
           D:1 |       0 |      40 |   0.0 |       0 |      22 |   0.0 |   684
           D:2 |       0 |      49 |   0.0 |       0 |      17 |   0.0 |   390
           D:3 |       0 |      18 |   0.0 |       0 |       6 |   0.0 |    93
               +---------+---------+-------+---------+---------+-------+---------
